 Dungeon Sprint DCSS version 0.26-a0-651-gb41185065b (webtiles) character file.

Game seed: 9027389589317296176

19413 tsouns the Executioner (level 12, -6/129 HPs)
             Began as a Hill Orc Berserker on Oct 29, 2020.
             Was the Champion of Trog.
             Mangled by a stone giant (26 damage)
             ... in the Dungeon (Sprint IX: "|||||||||||||||||||||||||||||").
             The game lasted 00:13:05 (4015 turns).

tsouns the Executioner (Hill Orc Berserker)         Turns: 4015, Time: 00:13:05

Health: -6/129     AC: 26    Str: 25    XL:     12   Next: 68%
Magic:  12/12      EV: 10    Int:  7    God:    Trog [******]
Gold:   1484       SH:  0    Dex:  5    Spells: 11/11 levels left

rFire    . . .     SeeInvis .   B - +11 executioner's axe of Capital Punishment {flame, rN++ MR+++ Dex-5}
rCold    . . .     Faith    .   (shield currently unavailable)
rNeg     + + .     Spirit   .   m - +0 shadow dragon scales
rPois    .         Reflect  .   x - +1 helmet
rElec    .         Harm     .   b - +1 cloak {Stlth+}
rCorr    .         Rampage  .   l - +0 pair of gloves
MR       +++++     NoTele   +   A - +0 pair of boots
Stlth    +++.......             (no amulet)
HPRegen  0.31/turn              w - ring of protection from magic
MPRegen  0.13/turn              s - ring of protection from magic

@: no status effects
A: no striking features
a: Berserk, Trog's Hand, Brothers in Arms, Renounce Religion


You were in the Dungeon.
You worshipped Trog.
Trog was exalted by your worship.
You visited 1 branch You collected 1924 gold pieces.
You spent 440 gold pieces at shops.

Inventory:

Hand Weapons
 o - a +5 vorpal executioner's axe
 v - the +8 lance "Wyrmbane" {slay drac, rPois rF+ rC+ AC+3}
   (You found it in the Dungeon)

   It affects your AC (+3).
   It protects you from fire.
   It protects you from cold.
   It protects you from poison.
 B - the +11 executioner's axe of Capital Punishment (weapon) {flame, rN++ MR+++ Dex-5}
   (Trog gifted it to you in the Dungeon)

   It has been specially enchanted to burn those struck by it, causing extra
   injury to most foes and up to half again as much damage against particularly
   susceptible opponents.
   Big, fiery blades are also staple armaments of hydra-hunters.
   It affects your dexterity (-5).
   It greatly protects you from negative energy.
   It affects your resistance to hostile enchantments.
Missiles
 a - 3 throwing nets
 u - 7 curare-tipped darts (quivered)
Armour
 b - a +1 cloak of stealth (worn)
 l - a +0 pair of gloves (worn)
 m - +0 shadow dragon scales (worn)
 x - a +1 helmet (worn)
 A - a +0 pair of boots (worn)
 C - a +2 plate armour of fire resistance
Jewellery
 n - a +3 ring of strength
 p - an uncursed ring of see invisible
 s - a ring of protection from magic (right hand)
 w - a ring of protection from magic (left hand)
Wands
 k - a wand of acid (2)
Scrolls
 h - 3 scrolls of blinking
 j - 6 scrolls of remove curse
 t - 4 scrolls of identify
 y - 2 scrolls of enchant armour
 D - a scroll of fear
Potions
 c - 3 potions of curing
 d - 6 potions of heal wounds
 e - a potion of haste
 f - 4 potions of magic
 g - a potion of berserk rage
 i - a potion of invisibility
 q - a potion of stabbing
 r - 3 potions of might
 z - a potion of resistance


   Skills:
 + Level 18.9 Fighting
 + Level 22.3 Axes
 + Level 3.9 Throwing
 + Level 16.6 Armour
 + Level 7.6 Dodging
 + Level 4.6 Stealth
   Level 2.1 Shields
 + Level 6.3 Evocations


You had 11 spell levels left.
You didn't know any spells.
Your spell library was empty.

Dungeon Overview and Level Annotations

Branches:
Dungeon (1/1)

Altars:
Cheibriados
Dithmenos
Elyvilon
Fedhas
Gozag
Hepliaklqana
Kikubaaqudgha
Makhleb
Nemelex Xobeh
Okawaru
Qazlal
Ru
Sif Muna
Trog
Uskayaw
Vehumet
Wu Jian
Xom
Yredelemnul
Zin
The Shining One
Beogh
Jiyva
Lugonu

Shops:
D [([[


Message History

Things that are here:
a glowing war axe {god gift}; a deep troll corpse You slash the stone giant!
You burn the stone giant.
The stone giant is moderately wounded.
You slash the stone giant! You burn the stone giant.
The stone giant is moderately wounded.
The stone giant closely misses you.
You hit the stone giant. You burn the stone giant.
The stone giant is heavily wounded.
The stone giant hits you but does no damage.
A sky beast appears from thin air!
Reactivating autopickup.
You hit the stone giant but do no damage.
The stone giant is heavily wounded.
The stone giant hits you.
* * * LOW HITPOINT WARNING * * *
You slice the stone giant!! You burn the stone giant.
The stone giant is severely wounded.
The stone giant hits you!!
You die...

▓.▓.▓[▓.▓.▓.▓
▓.▓.▓.▓.▓.▓.▓.▓
▓.▓.▓.▓.▓.▓.▓.▓
▓.▓.▓'▓.▓.▓.▓.▓
▓.▓.▓.▓.▓[▓.▓.▓
▓)▓.▓.▓.▓∩▓.▓.▓
▓[▓.▓.▓.▓.▓.▓Y▓
▓.▓.▓.▓.▓∩▓.▓C▓
▓)▓.▓.▓.▓.▓)▓@▓
▓.▓.▓.▓.▓∩▓.▓(▓
▓.▓.▓.▓.▓)▓.▓.▓
▓.▓.▓.▓.▓∩▓.▓.▓
▓.▓.▓†▓.▓)▓.▓.▓
▓)▓.▓.▓.▓)▓.▓.▓
▓?▓.▓.▓.▓)▓.▓)▓
▓.▓.▓†▓.▓)▓.▓)▓
▓÷▓.▓†▓.▓)▓.▓)▓


You could see a stone giant and a sky beast.

Vanquished Creatures
  A very ugly thing (D)
  Harold (D)
  A catoblepas (D)
  Erica (D)
  A deep troll shaman (D)
  3 two-headed ogres (D)
  An unseen horror (D)
  A lindwurm (D)
  7 orc knights (D)
  A deep elf mage (D)
  An orc sorcerer (D)
  An ugly thing (D)
  Joseph (D)
  Psyche (D)
  5 cane toads (D)
  A komodo dragon (D)
  A kobold demonologist (D)
  3 tyrant leeches (D)
  A hippogriff (D)
  A slime creature (D)
  A shadow (D)
  Grum (D)
  4 yaks (D)
  A water moccasin (D)
  2 porcupines (D)
  A sky beast (D)
  10 orc warriors (D)
  An ogre (D)
  4 wolves (D)
  A crocodile (D)
  A bullfrog (D)
  4 orc priests (D)
  3 orc wizards (D)
  A shadow imp (D)
  2 white imps (D)
  An adder zombie (D)
  4 worms (D)
  11 orcs (D)
  A giant cockroach (D)
  A kobold (D)
  A quokka (D)
  A frilled lizard (D)
  2 rats (D)
93 creatures vanquished.

Vanquished Creatures (collateral kills)
  A hydra (D)
  3 orc knights (D)
  An ugly thing (D)
  A troll (D)
  A slime creature (D)
  A vampire (D)
  A yak (D)
  A porcupine (D)
  4 orc warriors (D)
14 creatures vanquished.

Grand Total: 107 creatures vanquished

Notes
Turn   | Place    | Note
-------+----------+-------------------------------------------
     0 | D        | tsouns the Hill Orc Berserker began the quest for the Orb.
     0 | D        | Reached XP level 1. HP: 19/19 MP: 1/1
    14 | D        | Reached ** piety under Trog
    25 | D        | Reached skill level 5 in Axes
    25 | D        | Reached XP level 2. HP: 28/28 MP: 2/2
    29 | D        | Reached *** piety under Trog
    29 | D        | Reached skill level 5 in Fighting
    33 | D        | Reached skill level 6 in Axes
    37 | D        | HP: 2/43 [orc/+0 flail (6)]
    43 | D        | Reached XP level 3. HP: 3/36 MP: 3/3
   319 | D        | Found a roughly hewn altar of Beogh.
   319 | D        | Found a snail-covered altar of Cheibriados.
   319 | D        | Found a shadowy altar of Dithmenos.
   319 | D        | Found a white marble altar of Elyvilon.
   319 | D        | Found a blossoming altar of Fedhas.
   319 | D        | Found an opulent altar of Gozag.
   320 | D        | Found a hazy altar of Hepliaklqana.
   321 | D        | Found a viscous altar of Jiyva.
   322 | D        | Found an ancient bone altar of Kikubaaqudgha.
   323 | D        | Found a corrupted altar of Lugonu.
   324 | D        | Found a burning altar of Makhleb.
   325 | D        | Found a sparkling altar of Nemelex Xobeh.
   326 | D        | Found an iron altar of Okawaru.
   327 | D        | Found a stormy altar of Qazlal.
   328 | D        | Found a sacrificial altar of Ru.
   329 | D        | Found a shimmering blue altar of Sif Muna.
   330 | D        | Found a bloodstained altar of Trog.
   331 | D        | Found a hide-covered altar of Uskayaw.
   332 | D        | Found a radiant altar of Vehumet.
   333 | D        | Found an ornate altar of the Wu Jian Council.
   334 | D        | Found a shimmering altar of Xom.
   335 | D        | Found a basalt altar of Yredelemnul.
   336 | D        | Found a glowing silver altar of Zin.
   337 | D        | Found a glowing golden altar of the Shining One.
   387 | D        | Noticed an orc warrior
   387 | D        | Noticed a bullfrog
   387 | D        | Noticed a sky beast
   387 | D        | Noticed an ogre
   393 | D        | Reached **** piety under Trog
   400 | D        | Killed an ogre
   400 | D        | Reached skill level 9 in Axes
   400 | D        | Reached XP level 4. HP: 47/47 MP: 4/4
   413 | D        | Killed a sky beast
   413 | D        | Reached skill level 10 in Axes
   413 | D        | Reached XP level 5. HP: 46/57 MP: 5/5
   418 | D        | Reached skill level 11 in Axes
   418 | D        | Reached XP level 6. HP: 47/64 MP: 6/6
   529 | D        | Killed an unseen horror
   529 | D        | Reached skill level 14 in Axes
   529 | D        | Reached skill level 5 in Dodging
   529 | D        | Reached XP level 7. HP: 47/74 MP: 7/7
   539 | D        | Reached ***** piety under Trog
   539 | D        | Reached XP level 8. HP: 51/82 MP: 8/8
   737 | D        | Noticed a yak
   737 | D        | Noticed a troll
   737 | D        | Noticed a yak
   737 | D        | Noticed a vampire
   780 | D        | Killed a yak
   780 | D        | Reached skill level 15 in Axes
   791 | D        | Killed a vampire
   792 | D        | Killed a troll
   794 | D        | Killed a yak
   794 | D        | Reached skill level 1 in Evocations
  1082 | D        | Found the +8 lance "Wyrmbane" {slay drac, rPois rF+ rC+
                  | AC+3}
  1329 | D        | Noticed a komodo dragon
  1329 | D        | Noticed a yak
  1329 | D        | Noticed a cane toad
  1329 | D        | Noticed a cane toad
  1338 | D        | Killed a cane toad
  1338 | D        | Reached skill level 16 in Axes
  1338 | D        | Reached XP level 9. HP: 92/92 MP: 9/9
  1342 | D        | Killed a cane toad
  1342 | D        | Reached skill level 10 in Armour
  1342 | D        | Noticed a cane toad
  1349 | D        | Reached skill level 17 in Axes
  1352 | D        | Killed a komodo dragon
  1656 | D        | Killed a cane toad
  1695 | D        | Noticed a cane toad
  1695 | D        | Noticed a cane toad
  1697 | D        | Reached XP level 10. HP: 102/102 MP: 10/10
  1698 | D        | Noticed a catoblepas
  1706 | D        | Killed a cane toad
  1707 | D        | Reached skill level 18 in Axes
  1710 | D        | Killed a cane toad
  1711 | D        | Noticed a four-headed hydra
  1716 | D        | Killed a catoblepas
  1720 | D        | Reached ****** piety under Trog
  1724 | D        | Killed a five-headed hydra
  1724 | D        | Reached skill level 15 in Fighting
  1724 | D        | Reached skill level 1 in Stealth
  1798 | D        | Noticed a lindwurm
  1806 | D        | Killed a lindwurm
  1822 | D        | Received a gift from Trog
  1834 | D        | Reached XP level 11. HP: 69/114 MP: 11/11
  2097 | D        | Reached skill level 19 in Axes
  2100 | D        | Received a gift from Trog
  2107 | D        | Noticed an orc sorcerer
  2123 | D        | Killed an orc sorcerer
  2507 | D        | Noticed an orc knight
  2513 | D        | Received a gift from Trog
  2520 | D        | Killed an orc knight
  2529 | D        | Noticed an orc knight
  2533 | D        | Reached skill level 1 in Shields
  2535 | D        | Noticed an orc knight
  2549 | D        | Killed an orc knight
  2549 | D        | Received a gift from Trog
  2553 | D        | Killed an orc knight
  2553 | D        | Reached skill level 15 in Armour
  2558 | D        | Got a pitted battleaxe {god gift}
  2559 | D        | Identified the +6 battleaxe of Balance {flame, rPois Int+2}
                  | (Trog gifted it to you in the Dungeon)
  2799 | D        | Found Wamemmad's Armour Boutique.
  2799 | D        | Noticed an orc knight
  2799 | D        | Noticed an orc knight
  2799 | D        | Noticed an orc knight
  2800 | D        | Noticed an orc knight
  2802 | D        | Noticed an orc knight
  2803 | D        | Killed an orc knight
  2803 | D        | Reached skill level 20 in Axes
  2804 | D        | Found Paxessay's Armour Shop.
  2810 | D        | Killed an orc knight
  2818 | D        | Killed an orc knight
  2819 | D        | Found Zaukhlo's Weapon Boutique.
  2823 | D        | Killed an orc knight
  2824 | D        | Killed an orc knight
  2825 | D        | Received a gift from Trog
  2828 | D        | Got a twisted executioner's axe {god gift}
  2829 | D        | Identified the +11 executioner's axe of Capital Punishment
                  | {flame, rN++ MR+++ Dex-5} (Trog gifted it to you in the
                  | Dungeon)
  2830 | D        | Noticed an orc knight
  2831 | D        | Noticed an orc knight
  2833 | D        | Killed an orc knight
  2850 | D        | Killed an orc knight
  2850 | D        | Reached skill level 21 in Axes
  3433 | D        | Found Xeoloopse's Armour Shop.
  3477 | D        | Bought a +2 plate armour of fire resistance for 440 gold
                  | pieces
  3504 | D        | Noticed Joseph
  3517 | D        | Killed Joseph
  3517 | D        | Received a gift from Trog
  3559 | D        | Noticed Erica
  3573 | D        | Killed Erica
  3573 | D        | Reached XP level 12. HP: 108/127 MP: 12/12
  3689 | D        | Noticed Psyche
  3699 | D        | Killed Psyche
  3724 | D        | Noticed Harold
  3734 | D        | Killed Harold
  3792 | D        | Noticed Grum
  3794 | D        | Received a gift from Trog
  3797 | D        | Killed Grum
  3946 | D        | Noticed a two-headed ogre
  3946 | D        | Noticed a two-headed ogre
  3951 | D        | Killed a two-headed ogre
  3951 | D        | Reached skill level 1 in Throwing
  3953 | D        | Received a gift from Trog
  3953 | D        | Noticed a two-headed ogre
  3955 | D        | Killed a two-headed ogre
  3955 | D        | Reached skill level 22 in Axes
  3955 | D        | Reached skill level 5 in Evocations
  3962 | D        | Killed a two-headed ogre
  3964 | D        | Noticed a green very ugly thing
  3971 | D        | Noticed a deep troll shaman
  3978 | D        | Noticed a stone giant
  3979 | D        | Killed a green very ugly thing
  3983 | D        | Received a gift from Trog
  4009 | D        | Killed a deep troll shaman
  4015 | D        | Mangled by a stone giant

Illustrated notes

Levels and vault maps discovered:
D:        linesprint [early_d, line_temple, items_1, d_10, items_2, lair_1,
          lair_end, items_3, orc_1, orc_end, items_4, d_15, swamp_1, shoals_1,
          snake_1, spider_1, d_20, vaults_1, items_5, swamp_end, shoals_end,
          snake_end, spider_end, vaults_end, d_27, items_6, zot_1, zot_end,
          crypt_end, forest_end, elf_end, slime_end, tomb_end, abyss_end,
          pan_hell_end]

Skill      XL: |  1  2  3  4  5  6  7  8  9 10 11 12 |
---------------+-------------------------------------+-----
Fighting       | 4 5 7 9 11 12 13 15 18 | 18.9
Axes           | 5 6 9 10 11 14 16 17 18 21 22 | 22.3
Dodging        | 2 3 5 6 7 |  7.6
Armour         | 3 4 6 7 9 12 14 15 16 | 16.6
Evocations     | 1 2 3 4 6 |  6.3
Stealth        | 1 2 4 |  4.6
Shields        | 2 |  2.1
Throwing       | 3 |  3.9

Action                   |  1- 3 |  4- 6 |  7- 9 | 10-12 || total
-------------------------+-------+-------+-------+-------++-------
Melee: Hand axe          |    42 |    39 |    26 |       ||   107
       War axe           |       |       |    37 |    64 ||   101
       Battleaxe         |       |       |       |    58 ||    58
       Executioner's axe |       |       |       |    75 ||    75
Invok: Berserk           |     2 |     1 |     4 |     2 ||     9
       Brothers in Arms  |       |       |     4 |     5 ||     9
Evoke: Wand              |       |       |     4 |     4 ||     8
  Use: Potion            |       |       |     4 |     1 ||     5
       Scroll            |       |       |     1 |       ||     1
Armor: Animal skin       |     6 |       |       |       ||     6
       Chain mail        |     2 |    25 |    26 |    28 ||    81
       Plate armour      |       |       |       |     9 ||     9
       Shadow dragon sca |       |       |       |    21 ||    21
Dodge: Dodged            |    16 |     7 |    12 |    46 ||    81
Block: Buckler           |       |       |       |     3 ||     3

Table legend: (Time is in decaauts)
 A = Elapsed time spent in this place.
 B = Non-inter-level travel time spent in this place.
 C = Inter-level travel time spent in this place.
 D = Time resting spent in this place.
 E = Time spent auto-exploring this place.
 F = Levels seen in this place.
 G = Mean time per level.
                   A        B        C        D        E       F      G
               +--------+--------+--------+--------+--------+-----+--------+
         Total |   3995 |   3892 |    103 |   1590 |   1323 |   1 | 3995.0 |
       Dungeon |   3995 |   3892 |    103 |   1590 |   1323 |   1 | 3995.0 |
               +--------+--------+--------+--------+--------+-----+--------+

Top non-repeatable levels by time:
       D: 3995 daAuts
